SAA
LITTLE CAESARS HOT N READYS @ LANCASTER FARMERS
09/06/2033
 
TOP OF THE 1ST
Little Caesars Hot N Readys batting - Pitching for Lancaster Farmers : RHP Roger Rodenburg
Pitching: RHP Roger Rodenburg
Batting: RHB Jorge Noutel 0-0: Swinging Strike
0-1: SINGLE (Groundball, 6D)
Batting: RHB Cornelio Japón 0-0: Ball
1-0: Ground out 5-3 (Groundball, 56S)
Jorge Noutel to second
Batting: RHB Hamilton Swan 0-0: Ball
Jorge Noutel steals 3rd base
1-0: Called Strike
1-1: Ground out 1-3 (Groundball, 13)
Batting: LHB Manuel Estrada 0-0: Swinging Strike
0-1: Foul Ball, location: 2F
0-2: Ball
1-2: Strikes out swinging, 2-3 out at first.
Top of the 1st over - 0 runs, 1 hit, 0 errors, 1 left on base; Little Caesars 0 - Lancaster 0
BOTTOM OF THE 1ST
Lancaster Farmers batting - Pitching for Little Caesars Hot N Readys : RHP Cristóbal Garza
Pitching: RHP Cristóbal Garza
Batting: RHB José Xirau 0-0: Ball
1-0: Called Strike
1-1: Ground out 5-3 (Groundball, 56)
Batting: RHB Jesús Herrera 0-0: Ground out 6-3 (Groundball, 6)
Batting: RHB Domingo Altamiraño 0-0: Ball
1-0: Foul Ball, location: 2F
1-1: Swinging Strike
1-2: Ball
2-2: Strikes out looking
Bottom of the 1st over - 0 runs, 0 hits, 0 errors, 0 left on base; Little Caesars 0 - Lancaster 0
TOP OF THE 2ND
Little Caesars Hot N Readys batting - Pitching for Lancaster Farmers : RHP Roger Rodenburg
Batting: RHB Shelby Loudenslager 0-0: Ball
1-0: Ground out 6-3 (Groundball, 6)
Batting: RHB Troy Ross 0-0: Ball
1-0: Foul Ball, location: 2F
1-1: Ball
2-1: Ball
3-1: Base on Balls
Batting: RHB Mink Molendijk 0-0: Ball
Throwing error on steal attempt, E2
Troy Ross to third
1-0: Fly out, F8 (Flyball, 8LD)
Runner from 3rd tags up, SCORES, throw made
Batting: LHB Bob Knutson 0-0: Foul Ball, location: 2F
0-1: Fly out, F9 (Line Drive, 9D)
Top of the 2nd over - 1 run, 0 hits, 1 error, 0 left on base; Little Caesars 1 - Lancaster 0
BOTTOM OF THE 2ND
Lancaster Farmers batting - Pitching for Little Caesars Hot N Readys : RHP Cristóbal Garza
Batting: LHB Sébastien Cornu 0-0: Ball
1-0: Fly out, F4 (Line Drive, 4M)
Batting: SHB Ray Carey 0-0: Ball
1-0: Ball
2-0: Called Strike
2-1: Ball
3-1: Swinging Strike
3-2: Foul Ball, location: 2F
3-2: Base on Balls
Batting: RHB Jason Slaybaugh 0-0: Called Strike
0-1: Fly out, F7 (Flyball, 7)
Batting: RHB Cisco Gómez 0-0: Ball
1-0: Called Strike
1-1: Foul Ball, location: 2F
1-2: Ball
2-2: Ground out 6-3 (Groundball, 6)
Bottom of the 2nd over - 0 runs, 0 hits, 0 errors, 1 left on base; Little Caesars 1 - Lancaster 0
TOP OF THE 3RD
Little Caesars Hot N Readys batting - Pitching for Lancaster Farmers : RHP Roger Rodenburg
Batting: RHB Matthias Ballerini 0-0: Foul Ball, location: 2F
0-1: Swinging Strike
0-2: Strikes out swinging
Batting: RHB Jorge Noutel 0-0: Swinging Strike
0-1: Bunted foul
0-2: Fly out, F9 (Flyball, 9LSF)
Batting: RHB Cornelio Japón 0-0: Bunt missed!
0-1: Ball
1-1: Ball
2-1: Ball
3-1: Foul Ball, location: 2F
3-2: Foul Ball, location: 2F
3-2: Base on Balls
Batting: RHB Hamilton Swan 0-0: Ball
1-0: Swinging Strike
1-1: Ball
2-1: Swinging Strike
2-2: Strikes out swinging
Top of the 3rd over - 0 runs, 0 hits, 0 errors, 1 left on base; Little Caesars 1 - Lancaster 0
BOTTOM OF THE 3RD
Lancaster Farmers batting - Pitching for Little Caesars Hot N Readys : RHP Cristóbal Garza
Batting: LHB Alfonso Pacheco 0-0: Ball
1-0: Called Strike
1-1: Swinging Strike
1-2: Ball
2-2: Strikes out swinging passed ball, reaches first!
Batting: RHB Min-tae Yi 0-0: Ball
1-0: Ball
2-0: Ball
3-0: Called Strike
3-1: Base on Balls
Alfonso Pacheco to second
Batting: RHB José Xirau 0-0: Called Strike
0-1: Ball
1-1: Fly out, F4 (Popup, 34D)
Batting: RHB Jesús Herrera 0-0: Ball
1-0: Fielders Choice at 2nd, 4-6 (Groundball, 4)
Alfonso Pacheco to third
Batting: RHB Domingo Altamiraño 0-0: Ball
1-0: Ball
2-0: Ball
3-0: Base on Balls
Jesús Herrera to second
Batting: LHB Sébastien Cornu 0-0: Foul Ball, location: 2F
0-1: Ball
1-1: Foul Ball, location: 2F
1-2: Ball
2-2: Fly out, F6 (Popup, 6M)
Bottom of the 3rd over - 0 runs, 0 hits, 0 errors, 3 left on base; Little Caesars 1 - Lancaster 0
TOP OF THE 4TH
Little Caesars Hot N Readys batting - Pitching for Lancaster Farmers : RHP Roger Rodenburg
Batting: LHB Manuel Estrada 0-0: Ground out 6-3 (Groundball, 6)
Batting: RHB Shelby Loudenslager 0-0: Ball
1-0: Ball
2-0: Ball
3-0: Called Strike
3-1: Fly out, F8 (Flyball, 8RD)
Batting: RHB Troy Ross 0-0: Ball
1-0: Foul Ball, location: 2F
1-1: Ball
2-1: SINGLE (Groundball, 56D)
Batting: RHB Mink Molendijk 0-0: Ball
1-0: Foul Ball, location: 2F
1-1: Called Strike
Troy Ross is caught stealing 2nd base
Top of the 4th over - 0 runs, 1 hit, 0 errors, 0 left on base; Little Caesars 1 - Lancaster 0
BOTTOM OF THE 4TH
Lancaster Farmers batting - Pitching for Little Caesars Hot N Readys : RHP Cristóbal Garza
Batting: SHB Ray Carey 0-0: SINGLE (Line Drive, 4MD)
Batting: RHB Jason Slaybaugh 0-0: Ball
1-0: Ball
2-0: Foul Ball, location: 2F
2-1: Fly out, F8 (Flyball, 8RD)
Batting: RHB Cisco Gómez 0-0: Ball
1-0: Fly out, F7 (Flyball, 7)
Batting: LHB Alfonso Pacheco 0-0: Ball
Pickoff Throw to First - Error! E1
Ray Carey to second
1-0: Ball
2-0: Called Strike
2-1: Called Strike
2-2: Ball
3-2: Foul Ball, location: 2F
3-2: Ground out 4-3 (Groundball, 4)
Bottom of the 4th over - 0 runs, 1 hit, 1 error, 1 left on base; Little Caesars 1 - Lancaster 0
TOP OF THE 5TH
Little Caesars Hot N Readys batting - Pitching for Lancaster Farmers : RHP Roger Rodenburg
Batting: RHB Mink Molendijk 0-0: Swinging Strike
0-1: Foul Ball, location: 2F
0-2: Strikes out swinging
Batting: LHB Bob Knutson 0-0: Ball
1-0: Called Strike
1-1: Ball
2-1: Called Strike
2-2: Ball
3-2: Base on Balls
Batting: RHB Matthias Ballerini 0-0: Ball
1-0: Called Strike
1-1: Ground out 5-3 (Groundball, 56S)
Bob Knutson to second
Batting: RHB Jorge Noutel 0-0: Ball
1-0: Called Strike
1-1: Called Strike
1-2: Fly out, F8 (Flyball, 89D)
Top of the 5th over - 0 runs, 0 hits, 0 errors, 1 left on base; Little Caesars 1 - Lancaster 0
BOTTOM OF THE 5TH
Lancaster Farmers batting - Pitching for Little Caesars Hot N Readys : RHP Cristóbal Garza
Batting: RHB Min-tae Yi 0-0: Ball
1-0: Called Strike
1-1: Ball
2-1: Foul Ball, location: 2F
2-2: Foul Ball, location: 2F
2-2: Ground out U3 (Groundball, 3S)
Batting: RHB José Xirau 0-0: Ball
1-0: Foul Ball, location: 2F
1-1: Called Strike
1-2: Ball
2-2: Ball
3-2: Foul Ball, location: 2F
3-2: Base on Balls
Batting: RHB Jesús Herrera 0-0: Ball
1-0: Called Strike
1-1: Foul Ball, location: 2F
1-2: SINGLE (Line Drive, 78S)
José Xirau to second
Batting: RHB Domingo Altamiraño 0-0: Called Strike
0-1: Foul Ball, location: 2F
0-2: Ball
1-2: Fly out, F3 (Line Drive, 4)
Batting: LHB Sébastien Cornu 0-0: 3-RUN HOME RUN (Flyball, 9LD), Distance : 356 ft
Batting: SHB Ray Carey 0-0: Fly out, F8 (Flyball, 8LXD)
Bottom of the 5th over - 3 runs, 2 hits, 0 errors, 0 left on base; Little Caesars 1 - Lancaster 3
TOP OF THE 6TH
Little Caesars Hot N Readys batting - Pitching for Lancaster Farmers : RHP Roger Rodenburg
Batting: RHB Cornelio Japón 0-0: Ground out 5-3 (Groundball, 56)
Batting: RHB Hamilton Swan 0-0: Called Strike
0-1: Ball
1-1: Swinging Strike
1-2: SINGLE (Groundball, 34D)
Batting: LHB Manuel Estrada 0-0: Swinging Strike
0-1: Ball
1-1: Fielders Choice at 2nd, 3-6 (Groundball, 3)
Batting: RHB Shelby Loudenslager 0-0: Ball
1-0: Ball
2-0: Called Strike
2-1: Foul Ball, location: 2F
2-2: Foul Ball, location: 2F
2-2: Foul Ball, location: 2F
2-2: Ball
3-2: Foul Ball, location: 2F
3-2: Ground out 6-3 (Groundball, 6)
Top of the 6th over - 0 runs, 1 hit, 0 errors, 1 left on base; Little Caesars 1 - Lancaster 3
BOTTOM OF THE 6TH
Lancaster Farmers batting - Pitching for Little Caesars Hot N Readys : RHP Cristóbal Garza
Batting: RHB Jason Slaybaugh 0-0: SINGLE (Flyball, 89M)
Batting: RHB Cisco Gómez 0-0: Sac Bunt - play at first, batter safe!
Jason Slaybaugh to second
Batting: LHB Alfonso Pacheco 0-0: Called Strike
0-1: Grounds into double play, 4-6-3 (Groundball, 4)
Jason Slaybaugh to third
Batting: RHB Min-tae Yi 0-0: Called Strike
0-1: Foul Ball, location: 2F
0-2: Ball
1-2: Ground out 5-3 (Groundball, 25)
Bottom of the 6th over - 0 runs, 2 hits, 0 errors, 1 left on base; Little Caesars 1 - Lancaster 3
TOP OF THE 7TH
Little Caesars Hot N Readys batting - Pitching for Lancaster Farmers : RHP Roger Rodenburg
Batting: RHB Troy Ross 0-0: Called Strike
0-1: Ball
1-1: DOUBLE (Line Drive, 7LM)
Batting: RHB Mink Molendijk 0-0: Ball
1-0: Fly out, F9 (Flyball, 9D)
Runner from 2nd tags up, SAFE at 3rd, no throw
Pitching: LHP Ricardo Ramírez
Batting: LHB Bob Knutson 0-0: Called Strike
0-1: Ball
1-1: Ball
2-1: Ball
3-1: Swinging Strike
3-2: Base on Balls
Pinch Hitting: RHB Lloyd Raaijmakers 0-0: Fly out, F7 (Flyball, 78D)
Runner from 3rd tags up, SCORES, no throw
Batting: RHB Jorge Noutel 0-0: Ball
1-0: Called Strike
1-1: Ball
2-1: Foul Ball, location: 2F
2-2: Reached via error on a dropped throw, E3
Bob Knutson to second
Batting: RHB Cornelio Japón 0-0: Ball
1-0: Ball
2-0: Foul Ball, location: 2F
2-1: Ball
3-1: Called Strike
3-2: Strikes out swinging
Top of the 7th over - 1 run, 1 hit, 1 error, 2 left on base; Little Caesars 2 - Lancaster 3
BOTTOM OF THE 7TH
Lancaster Farmers batting - Pitching for Little Caesars Hot N Readys : RHP Cristóbal Garza
Now at SS: Lloyd Raaijmakers
Batting: RHB José Xirau 0-0: Foul Ball, location: 2F
0-1: Foul Ball, location: 2F
0-2: Ball
1-2: Ground out 5-3 (Groundball, 56S)
Batting: RHB Jesús Herrera 0-0: Ball
1-0: Called Strike
1-1: SOLO HOME RUN (Flyball, 7LD), Distance : 368 ft
Pitching: LHP Iván Gonzáles
Batting: RHB Domingo Altamiraño 0-0: Ball
1-0: Fly out, F8 (Line Drive, 78S)
Batting: LHB Sébastien Cornu 0-0: Ball
1-0: Ball
2-0: Called Strike
2-1: Foul Ball, location: 2F
2-2: Ball
3-2: Ground out U3 (Groundball, 34)
Bottom of the 7th over - 1 run, 1 hit, 0 errors, 0 left on base; Little Caesars 2 - Lancaster 4
TOP OF THE 8TH
Little Caesars Hot N Readys batting - Pitching for Lancaster Farmers : LHP Ricardo Ramírez
Batting: RHB Hamilton Swan 0-0: Ball
1-0: Foul Ball, location: 2F
1-1: Ball
2-1: Ground out 4-3 (Groundball, 4D)
Batting: LHB Manuel Estrada 0-0: Ball
1-0: Foul Ball, location: 2F
1-1: Called Strike
1-2: Strikes out swinging
Batting: RHB Shelby Loudenslager 0-0: Ball
1-0: Fly out, F9 (Flyball, 89M)
Top of the 8th over - 0 runs, 0 hits, 0 errors, 0 left on base; Little Caesars 2 - Lancaster 4
BOTTOM OF THE 8TH
Lancaster Farmers batting - Pitching for Little Caesars Hot N Readys : LHP Iván Gonzáles
Batting: SHB Ray Carey 0-0: Ball
1-0: Ball
2-0: SINGLE (Line Drive, 56)
Batting: RHB Jason Slaybaugh 0-0: Called Strike
0-1: Grounds into double play, 6-4-3 (Groundball, 6)
Batting: RHB Cisco Gómez 0-0: Ball
1-0: Ball
2-0: Ball
3-0: Base on Balls
Batting: LHB Alfonso Pacheco 0-0: Ball
1-0: Ball
2-0: Called Strike
2-1: Ball
3-1: SINGLE (Groundball, 4D)
Cisco Gómez to second
Runner from 2nd tries for 3rd, SAFE, no throw
Batting: RHB Min-tae Yi 0-0: Ground out 1-3 (Groundball, 13S)
Bottom of the 8th over - 0 runs, 2 hits, 0 errors, 2 left on base; Little Caesars 2 - Lancaster 4
TOP OF THE 9TH
Little Caesars Hot N Readys batting - Pitching for Lancaster Farmers : LHP Ricardo Ramírez
Pitching: RHP René Fontaine
Batting: RHB Troy Ross 0-0: Ball
1-0: Swinging Strike
1-1: Ball
2-1: Swinging Strike
2-2: Strikes out swinging
Batting: RHB Mink Molendijk 0-0: Ball
1-0: Called Strike
1-1: SINGLE (Groundball, 6MD)
Batting: LHB Bob Knutson 0-0: Called Strike
0-1: Ball
1-1: Swinging Strike
1-2: Ball
2-2: Foul Ball, location: 2F
2-2: Ball
3-2: Ground out 4-3 (Groundball, 4)
Mink Molendijk to second
Pinch Hitting: SHB Robby Patterson 0-0: Ball
Wild Pitch!
Mink Molendijk to third
1-0: Called Strike
1-1: Ball
2-1: Ball
3-1: Base on Balls
Batting: RHB Jorge Noutel 0-0: Swinging Strike
0-1: Fielders Choice at 2nd, 6-4 (Groundball, 6)
Top of the 9th over - 0 runs, 1 hit, 0 errors, 2 left on base; Little Caesars 2 - Lancaster 4
Saturday, December 22nd, 2018 - OOTP Baseball 18.8 Build 76